Map: Data-C

Players

LunaSea

  • Race: Protoss Protoss
  • Spawn Location: 3:00

PattyMac - Winner!

  • Race: Protoss Protoss
  • Spawn Location: 9:00

Event: DreamHack SC2 Masters 2022 Atlanta (Offline)

VOD

Have the link to the VOD?

Description

Time

  • Played on: Nov. 18, 2022, 10:32 a.m.
  • Length: 9:48

All games in this series

Show
View Real Time Build Order
Export as new Build Order

LunaSea Protoss 

Build Orders: Oracle Opening, Blink Stalkers 

Get SALT Encoding   

  12  0:00  Probe  
  13  0:12  Probe  
  14  0:18  Pylon  
  14  0:24  Probe (Chrono Boost)  
  15  0:36  Probe (Chrono Boost)  
  15  0:38  Gateway  
  16  0:45  Probe (Chrono Boost)  
  16  0:47  Assimilator  
  17  0:51  Probe  
  17  0:55  Assimilator  
  18  1:03  Probe  
  19  1:06  Pylon  
  19  1:15  Probe  
  20  1:25  Cybernetics Core  
  20  1:27  Probe  
  20  1:29  Zealot  
  23  1:42  Probe  
  25  1:54  Probe  
  25  1:59  Adept (Chrono Boost)  
  25  2:05  Stargate  
  27  2:08  Probe  
  27  2:14  Pylon  
  28  2:26  Pylon  
  28  2:34  Warp Gate  
  28  2:46  Nexus  
  28  2:52  Oracle  
  28  2:57  Probe  
  30  3:07  Twilight Council  
  30  3:09  Probe  
  31  3:21  Probe  
  31  3:22  Gateway  
  32  3:33  Probe  
  33  3:34  Shield Battery  
  33  3:41  Blink (Chrono Boost)  
  33  3:45  Probe  
  31  3:57  Probe  
  26  4:03  Probe  
  26  4:09  Probe  
  27  4:15  Probe  
  24  4:21  Probe  
  24  4:22  Stalker  
  27  4:25  Stalker  
  27  4:29  Probe  
  30  4:34  Probe  
  31  4:43  Probe  
  32  4:49  Stalker  
  34  4:53  Probe  
  34  4:57  Probe  
  35  5:05  Probe  
  36  5:09  Probe  
  36  5:11  Stalker  
  39  5:17  Probe  
  39  5:20  Stalker  
  42  5:29  Probe  
  42  5:30  Pylon  
  42  5:31  Probe  
  44  5:37  Gateway  
  44  5:41  Probe  
  45  5:52  Gateway  
  45  5:54  Probe  
  45  5:55  Probe  
  47  6:00  Stalker  
  49  6:06  Probe  
  46  6:11  Stalker  
  45  6:20  Probe  
  45  6:22  Probe  
  45  6:23  Stalker  
  49  6:32  Probe  
  50  6:34  Stalker x2  
  50  6:35  Probe  
  55  6:48  Stalker x2  
  59  6:58  Pylon  
  59  7:02  Cybernetics Core  
  59  7:04  Pylon  
  57  7:16  Gateway  
  57  7:18  Assimilator, Stalker x2  
  61  7:29  Stalker  
  63  7:35  Stalker  
  63  7:41  Stalker x2  
  63  7:52  Stalker  
  53  8:00  Stalker  
  46  8:08  Stalker x2  
  46  8:12  Gateway  
  50  8:15  Stalker, Assimilator  
  50  8:17  Stalker  
  54  8:24  Stalker  
  56  8:32  Stalker x2  
  60  8:38  Stalker  
  62  8:43  Dark Shrine  
  62  8:47  Stalker x2  
  66  9:05  Stalker  
  66  9:06  Stalker  
  68  9:10  Stalker  
  68  9:13  Pylon x2  
  68  9:26  Stalker  
  68  9:30  Zealot  
  70  9:35  Zealot x3  
Show
View Real Time Build Order
Export as new Build Order

PattyMac Protoss - Winner!

Build Orders: Oracle Opening 

Get SALT Encoding   

  12  0:00  Probe  
  13  0:12  Probe  
  14  0:19  Pylon  
  14  0:24  Probe (Chrono Boost)  
  15  0:38  Probe (Chrono Boost), Gateway  
  16  0:45  Probe (Chrono Boost)  
  16  0:47  Assimilator  
  17  0:52  Probe (Chrono Boost)  
  18  0:57  Assimilator  
  18  1:04  Probe (Chrono Boost)  
  19  1:11  Pylon  
  19  1:13  Probe (Chrono Boost)  
  20  1:19  Probe  
  21  1:25  Cybernetics Core  
  21  1:31  Probe  
  21  1:32  Zealot  
  24  1:43  Probe  
  25  2:07  Nexus  
  25  2:08  Probe  
  25  2:19  Stargate  
  25  2:25  Stalker (Chrono Boost)  
  27  2:34  Pylon  
  27  2:37  Warp Gate  
  27  2:49  Shield Battery  
  25  2:53  Stalker  
  27  3:00  Oracle (Chrono Boost)  
  30  3:06  Shield Battery  
  30  3:07  Probe  
  31  3:16  Shield Battery  
  31  3:20  Probe  
  32  3:32  Probe  
  32  3:33  Probe  
  34  3:39  Twilight Council  
  34  3:45  Gateway  
  34  3:48  Probe x2 (Chrono Boost)  
  36  4:00  Probe (Chrono Boost)  
  36  4:01  Probe (Chrono Boost)  
  36  4:10  Probe, Blink (Chrono Boost)  
  36  4:12  Probe  
  36  4:15  Pylon  
  37  4:22  Probe  
  38  4:27  Stalker  
  38  4:28  Probe  
  41  4:35  Probe  
  42  4:39  Stalker  
  42  4:41  Probe  
  45  4:46  Gateway  
  45  4:49  Probe  
  46  4:53  Probe  
  47  5:01  Stalker  
  47  5:02  Probe  
  47  5:05  Probe, Stalker  
  52  5:14  Probe  
  53  5:20  Probe  
  53  5:26  Probe, Stalker  
  56  5:30  Nexus  
  56  5:31  Pylon  
  56  5:34  Probe  
  57  5:40  Robotics Facility  
  57  5:42  Assimilator  
  57  5:50  Stalker, Pylon  
  57  5:53  Stalker  
  57  5:56  Stalker  
  63  6:09  Probe  
  64  6:12  Probe  
  65  6:19  Stalker x3  
  65  6:22  Probe  
  65  6:24  Probe  
  73  6:26  Pylon  
  73  6:39  Probe x2  
  75  6:40  Observer (Chrono Boost)  
  75  6:44  Probe, Stalker x3  
  83  6:53  Probe  
  79  7:06  Probe x2  
  79  7:07  Probe  
  84  7:12  Stalker x3  
  88  7:16  Pylon  
  88  7:18  Probe  
  88  7:21  Nexus  
  85  7:23  Probe x2  
  85  7:27  Forge  
  87  7:32  Immortal (Chrono Boost)  
  89  7:42  Gateway x2  
  87  7:48  Protoss Ground Weapons Level 1 (Chrono Boost)  
  85  7:51  Charge (Chrono Boost)  
  77  7:59  Stalker x3  
  77  8:01  Probe x2  
  77  8:03  Gateway  
  77  8:05  Gateway  
  83  8:07  Probe  
  83  8:12  Observer  
  80  8:19  Probe x2  
  80  8:22  Shield Battery, Gateway  
  80  8:23  Immortal (Chrono Boost)  
  82  8:27  Gateway  
  82  8:28  Sentry  
  82  8:30  Shield Battery, Pylon  
  82  8:35  Stalker x2  
  82  8:37  Probe x2  
  88  8:42  Probe, Pylon  
  89  8:50  Stalker x2  
  89  8:52  Probe  
  94  8:57  Pylon  
  94  8:59  Stalker x2  
  98  9:09  Probe  
  99  9:11  Stalker x3, Pylon  
  99  9:12  Assimilator  
  99  9:15  Assimilator  
  105  9:22  Stalker x2  
  105  9:23  Stalker x2  
  111  9:25  Probe x2  
  111  9:26  Zealot  
  111  9:27  Zealot  
  103  9:38  Zealot  
  103  9:39  Zealot x2  
Tags
 
Add a new tag
Caveats
  • Supply blocks, unpowered buildings, or Contaminate may cause inaccurate times.
  • Supply counts are checked every 10 seconds.